 Dungeon Crawl Stone Soup version 0.28-a0-1435-g82390b3a13 (webtiles) character file.

Game seed: 2425669979062841809

487 blackman the Chiller (level 7, 48/48 HPs)
             Began as a Human Wanderer on Jan 8, 2022.
             Quit the game on level 4 of the Dungeon on Jan 9, 2022.
             The game lasted 00:29:25 (7148 turns).

blackman the Chiller (Human Wanderer)               Turns: 7148, Time: 00:29:25

Health: 48/48      AC:  6    Str: 13    XL:     7   Next: 36%
Magic:  10/10      EV: 11    Int: 18    God:
Gold:   80         SH:  0    Dex:  8    Spells: 5/11 levels left

rFire   . . .      SeeInvis .   b - +0 hunting sling
rCold   . . .      Faith    .   (no shield)
rNeg    + . .      Spirit   +   c - +0 robe
rPois   .          Reflect  .   (no helmet)
rElec   .          Harm     .   (no cloak)
rCorr   +          Rampage  .   k - +1 pair of gloves
Will    .....                   f - +1 pair of boots
Stlth   +.........              d - amulet of guardian spirit
HPRegen 0.16/turn               h - ring of resist corrosion
MPRegen 0.12/turn               j - ring of positive energy

@: no status effects
A: no striking features
a: no special abilities


You were on level 4 of the Dungeon.
You visited 1 branch of the dungeon, and saw 4 of its levels.
You also visited: Ossuary.

You collected 80 gold pieces.

Inventory:

Hand Weapons
 a - a +0 dagger
 b - a +0 hunting sling (weapon)
Missiles
 m - 7 boomerangs
 n - 53 stones (quivered ammo)
Armour
 c - a +0 robe (worn)
 f - a +1 pair of boots (worn)
 k - a +1 pair of gloves (worn)
Jewellery
 d - an amulet of guardian spirit (around neck)
 h - a ring of resist corrosion (left hand)
 j - a ring of positive energy (right hand)
Scrolls
 e - 2 scrolls of identify
 g - a scroll of amnesia
 i - a scroll of teleportation
Potions
 o - a potion of berserk rage {unknown}
 p - a potion of curing
 q - a potion of mutation {unknown}


   Skills:
 - Level 1.0 Fighting
 - Level 1.0 Throwing
 - Level 1.0 Dodging
 * Level 2.6 Spellcasting
 - Level 5.7 Ice Magic
 - Level 1.7 Air Magic
 - Level 5.2 Poison Magic


You had 5 spell levels left.
You knew the following spells:

 Your Spells              Type           Power      Damage    Failure   Level
a - Freeze                Ice            92%        1d10      1%          1
b - Ozocubu's Armour      Ice            23%        N/A       4%          3
c - Poisonous Vapours     Pois/Air       28%        N/A       6%          2

Your spell library contained the following spells:

 Spells                   Type           Power      Damage    Failure   Level
 Corpse Rot               Necr/Air       10%        N/A       19%         2
 Summon Ice Beast         Ice/Summ       12%        N/A       45%         4
 Cause Fear               Hex            1%         N/A       86%         4
 Dragon Form              Tmut           1%         N/A       100%        7
 Dragon's Call            Summ           1%         N/A       100%        9


Dungeon Overview and Level Annotations

Branches:
Dungeon (4/15)            Ossuary (visited)
 Temple: D:4-7

Altars:
Yredelemnul


Message History

You shoot a stone.
The stone hits the mummy but does no damage.
The mummy is almost destroyed.
You feel yourself speed up. The killer bee zombie hits you.
The killer bee zombie barely misses you.
The mummy hits you!
Fire: 54 stones
Press: ? - help, Shift-Dir - straight line, f/p - mummy
Aim: a mummy (almost destroyed, 70% to hit)
You shoot a stone. The stone hits the mummy.
You destroy the mummy!
The killer bee zombie hits you.
* * * LOW HITPOINT WARNING * * *
The bullfrog zombie barely misses you.
The killer bee zombie barely misses you.
The bullfrog zombie hits you but does no damage.
The killer bee zombie barely misses you.
The bog mummy gestures at you while chanting.
You resist with some effort.
Welcome back to the Dungeon!
There is a collapsed entrance here.
You start resting.
Magic restored.
You start resting.
You start resting.
HP restored.
You start waiting.
Done waiting.
You start waiting.
Done waiting.
You start waiting.
Done waiting.
You start waiting.
Done waiting.
You can't go down here!
You can't go up here!
You can't go down here!
Unknown command.
Are you sure you want to abandon this character and quit the game? (Confirm with "yes".)

#......... #<........
#....##.. #....##
#.....# ..
#.....##############....
#................†......
#....###(###.###+###....
#..... #(##...##@# .
#......###.....###
#...... #.......#
#.....#..###'###....
#........ #.# .... .#.
### ... # ..


There were no monsters in sight!

Vanquished Creatures
  Sigmund (D:3)
  A hound (D:3)
  An orc wizard (D:3)
  Ijyb (D:3)
  An iguana (D:3)
  3 mummies
  4 gnolls
  5 adders
  An adder zombie (D:3)
  A worm (D:2)
  A dart slug (D:1)
  8 orcs (D:3)
  5 endoplasms
  5 giant cockroaches
  13 goblins
  10 hobgoblins
  9 kobolds
  A quokka (D:2)
  9 ball pythons
  A ball python zombie (D:3)
  5 bats
  A frilled lizard (D:2)
  2 giant cockroach zombies (D:3)
  2 orc zombies (D:4)
  12 rats
103 creatures vanquished.

Vanquished Creatures (others)
  11 plants
11 creatures vanquished.

Grand Total: 114 creatures vanquished

Notes
Turn   | Place    | Note
-------+----------+-------------------------------------------
     0 | D:1      | blackman the Human Wanderer began the quest for the Orb.
     0 | D:1      | blackman set off with the following items: a +0 dagger, 8
                  | boomerangs, a +0 robe; and the following spell memorised:
                  | Freeze; and the following spells available to memorise:
                  | Ozocubu's Armour, Corpse Rot, Poisonous Vapours, Summon Ice
                  | Beast
     0 | D:1      | Reached XP level 1. HP: 15/15 MP: 3/3
   151 | D:1      | Reached XP level 2. HP: 17/21 MP: 1/5
   818 | D:1      | Reached XP level 3. HP: 26/26 MP: 6/6
   965 | D:2      | Reached skill level 5 in Ice Magic
  1093 | D:2      | Upgraded the game from 0.28-a0-1429-gf3d713df7a to
                  | 0.28-a0-1435-g82390b3a13
  1432 | D:2      | Learned a level 3 spell: Ozocubu's Armour
  1540 | D:2      | Reached XP level 4. HP: 32/32 MP: 2/7
  1663 | D:2      | Found a faded altar of an unknown god.
  2615 | D:2      | Learned a level 2 spell: Poisonous Vapours
  2961 | D:2      | Reached XP level 5. HP: 25/37 MP: 2/8
  3887 | D:2      | Reached skill level 1 in Poison Magic
  4740 | D:3      | Found a basalt altar of Yredelemnul.
  5250 | D:3      | Noticed Sigmund
  5311 | D:3      | Killed Sigmund
  5312 | D:3      | Reached XP level 6. HP: 13/43 MP: 0/9
  5789 | D:3      | Reached XP level 7. HP: 43/48 MP: 4/10
  5970 | D:3      | Reached skill level 5 in Poison Magic
  6032 | D:3      | Noticed Ijyb
  6047 | D:3      | Killed Ijyb
  6314 | D:4      | Found a sand-covered staircase.
  6500 | Ossuary  | Entered an ossuary
  7148 | D:4      | Quit the game

Illustrated notes

Levels and vault maps discovered:
D:1:      minmay_arrival_checkered_box, layout_basic
D:2:      layout_loops_corners, serial_forest, infiniplex_forest_lined_4_way,
          infiniplex_forest_pool, infiniplex_forest_clump_medium,
          infiniplex_forest_straight_1, infiniplex_forest_clump_curved,
          infiniplex_forest_lined_corner, infiniplex_forest_fountain,
          shapermc_ecumenical_altar_venn, minmay_goblin_outpost
D:3:      minmay_diamond_boxcup, layout_basic, nicolae_yredelemnul_corpse_copse,
          serial_bayou_pond_a, uniq_sigmund, uniq_ijyb
D:4:      layout_gridville, nicolae_ossuary_entry_giza, dk_noncrumbling_4

Skill      XL: |  1  2  3  4  5  6  7 |
---------------+----------------------+-----
Ice Magic      | 5 |  5.7
Poison Magic   | 4 5 |  5.2
Fighting       | |  1.0
Throwing       | |  1.0
Dodging        | |  1.0
Spellcasting   | |  2.6
Air Magic      | |  1.7

Action                   |  1- 3 |  4- 6 |  7- 9 || total
-------------------------+-------+-------+-------++-------
Melee: Dagger            |    10 |    18 |       ||    28
       Punch             |       |     1 |       ||     1
 Fire: Hunting sling     |       |    57 |    71 ||   128
Throw: Boomerang         |    54 |    21 |       ||    75
 Cast: Freeze            |    33 |    53 |    16 ||   102
       Ozocubu's Armour  |     1 |    13 |     3 ||    17
       Poisonous Vapours |       |     6 |     5 ||    11
Evoke: Wand              |       |       |     2 ||     2
  Use: Scroll            |       |     5 |       ||     5
       Potion            |       |       |     2 ||     2
Armor: Robe              |     9 |    29 |    23 ||    61
Dodge: Dodged            |    29 |    55 |    38 ||   122

Table legend: (Time is in decaauts)
 A = Elapsed time spent in this place.
 B = Non-inter-level travel time spent in this place.
 C = Inter-level travel time spent in this place.
 D = Time resting spent in this place.
 E = Time spent auto-exploring this place.
 F = Levels seen in this place.
 G = Mean time per level.
                   A        B        C        D        E       F      G
               +--------+--------+--------+--------+--------+-----+--------+
         Total |   7198 |   7123 |     75 |   3866 |   2453 |   5 | 1439.6 |
       Dungeon |   7171 |   7096 |     75 |   3866 |   2453 |   4 | 1792.8 |
       Ossuary |     27 |     27 |      0 |      0 |      0 |   1 |   27.0 |
               +--------+--------+--------+--------+--------+-----+--------+

Top non-repeatable levels by time:
     D:2: 3567 daAuts
     D:3: 1788 daAuts
     D:1: 953 daAuts
     D:4: 862 daAuts
 Ossuary: 27 daAuts
